 Dungeon Crawl Stone Soup version 0.23.2-1-ga50397a6bc (webtiles) character file.

Game seed: 16617255645895849118

39 drh69 the Caller (level 3, -1/24 HPs)
             Began as a Merfolk Summoner on May 24, 2019.
             Slain by a gnoll
             ... wielding a +1 spear of venom
              (3 damage)
             ... on level 2 of the Dungeon.
             The game lasted 00:18:27 (1733 turns).

drh69 the Caller (Merfolk Summoner)                 Turns: 1733, Time: 00:18:28

Health: -1/24      AC:  2    Str:  8    XL:     3   Next: 47%
Magic:  1/6        EV: 13    Int: 15    God:
Gold:   35         SH:  0    Dex: 14    Spells: 6/7 levels left

rFire    . . .     SeeInvis .   j - +0 spear
rCold    . . .     Gourm    .   (no shield)
rNeg     . . .     Faith    .   a - +0 robe
rPois    .         Spirit   .   (no helmet)
rElec    .         Reflect  .   (no cloak)
rCorr    .         Harm     .   (no gloves)
MR       .....                  (no boots)
Stlth    ++........             (no amulet)
HPRegen  0.08/turn              (no ring)
MPRegen  0.10/turn              (no ring)

@: lethally poisoned (-1 -> -30), very slightly contaminated
A: change form in water, swift swim, stealthy swim
a: no special abilities


You were on level 2 of the Dungeon.
You were not hungry.

You visited 1 branch of the dungeon, and saw 2 of its levels.

You collected 35 gold pieces.

Inventory:

Hand Weapons
 b - a +2 short sword of speed
 j - a +0 spear (weapon)
Missiles
 c - 21 arrows
 d - 9 poisoned needles
 i - 31 stones (quivered)
Armour
 a - a +0 robe (worn)
Scrolls
 h - 2 scrolls of identify {unknown}
Potions
 e - a potion of heal wounds {unknown}
 f - a potion of curing
 g - a potion of resistance {unknown}
Comestibles
 k - a ration


   Skills:
 + Level 3.1 Dodging
 + Level 2.4 Stealth
 + Level 2.6 Spellcasting
 + Level 4.4 Summonings


You had 6 spell levels left.
You knew the following spells:

 Your Spells              Type           Power        Failure   Level  Hunger
a - Summon Small Mammal   Summ           ###.         3%          1    #......

Your spell library contained the following spells:

 Spells                   Type           Power        Failure   Level  Hunger
 Call Imp                 Summ           ###.....     4%          2    ###....
 Call Canine Familiar     Summ           ###.....     10%         3    ###....
 Summon Guardian Golem    Hex/Summ       #.......     26%         3    ###....
 Summon Ice Beast         Ice/Summ       #.......     63%         4    #####..
 Summon Lightning Spire   Summ/Air       #.......     63%         4    #####..


Dungeon Overview and Level Annotations

Branches:
Dungeon (2/15)

Altars:


Message History

Your quokka closely misses the gnoll.
The gnoll closely misses your quokka.
Your quokka bites the gnoll.
The gnoll barely misses your quokka.
Your quokka bites the gnoll but does no damage.
The gnoll hits you with a +1 spear of venom!
You are lethally poisoned!
Your quokka bites the gnoll.
The gnoll hits your quokka but does no damage.
You hit the gnoll but do no damage.
You feel sick. The gnoll misses you.
Your quokka bites the gnoll.
The gnoll dies!
You completely miss the gnoll.
You feel sick.
The gnoll hits you with a +1 spear of venom.
* * * LOW HITPOINT WARNING * * *
You are more poisoned.
You hit the gnoll but do no damage.
* * * LOW HITPOINT WARNING * * *
You feel very sick.
Your quokka barely misses the gnoll.
The gnoll hits you with a +1 spear of venom.
You die...

#### ...# ##.# ##.#
############## gg.#
#...........).
######.#####...#######
............))rg@....#
######r#####...#####......
#.# #...# ..... #.# #...#
.... #.# ##### ... #.# ##
#.#############.#
#>...............
#.###........#


You could see a gnoll and a friendly quokka.

Vanquished Creatures (collateral kills)
  2 gnolls (D:2)
  An adder (D:2)
  2 oozes
  A dart slug (D:1)
  2 leopard geckos (D:1)
  2 giant cockroaches
  2 goblins
  5 hobgoblins
  5 jackals (D:1)
  5 bats
  A kobold (D:1)
  A rat (D:1)
29 creatures vanquished.

Notes
Turn   | Place    | Note
-------+----------+-------------------------------------------
     0 | D:1      | drh69 the Merfolk Summoner began the quest for the Orb.
     0 | D:1      | Reached XP level 1. HP: 13/13 MP: 3/3
   525 | D:1      | Reached XP level 2. HP: 19/19 MP: 1/5
  1324 | D:2      | Reached XP level 3. HP: 22/24 MP: 3/6
  1733 | D:2      | Slain by a gnoll

Skill      XL: |  1 |
---------------+----+-----
Dodging        | 3 |  3.1
Stealth        | |  2.4
Spellcasting   | |  2.6
Summonings     | |  4.4

Action                   || total
-------------------------++-------
Melee: Unarmed           ||     5
       Dagger            ||    11
       Spear             ||     7
Throw: Stone             ||     3
 Cast: Summon Small Mamm ||    73
  Use: Scroll            ||     1
       Potion            ||     1
  Eat: Ration            ||     1
Armor: Robe              ||     5
Dodge: Dodged            ||    46
